 Dungeon Crawl Stone Soup version 0.29.1-1-gd02db6906a (webtiles) character file.

Game seed: 2549167245023483029

1020 Ogmund the Ruffian (level 8, -4/75 HPs)
             Began as a Troll Monk on Sept 26, 2022.
             Was a Priest of Okawaru.
             Killed from afar by an electric eel (14 damage)
             ... with a bolt of electricity
             ... on level 6 of the Dungeon.
             The game lasted 00:23:36 (4784 turns).

Ogmund the Ruffian (Troll Monk)                     Turns: 4784, Time: 00:23:46

Health: -4/75      AC:  4    Str: 20    XL:     8   Next: 2%
Magic:  7/9        EV: 10    Int:  8    God:    Okawaru [***...]
Gold:   300        SH:  0    Dex: 12    Spells: 7/9 levels left

rFire   + . .      SeeInvis .   y - +0 giant club
rCold   . . .      Faith    .   (shield currently unavailable)
rNeg    . . .      Spirit   .   a - +0 robe
rPois   .          Reflect  .   (helmet restricted)
rElec   .          Harm     .   (no cloak)
rCorr   .          Rampage  .   (gloves unavailable)
Will    .....                   (boots unavailable)
Stlth   ++........              (no amulet)
HPRegen 1.02/turn               e - ring of fire
MPRegen 0.11/turn               l - ring of protection from cold

@: no status effects
A: large, unfitting armour, claws 3, regeneration 1, shaggy fur 1, tough skin 1
a: Renounce Religion, Heroism


You were on level 6 of the Dungeon.
You worshipped Okawaru.
Okawaru was most pleased with you.
You visited 2 branches of the dungeon, and saw 7 of its levels.

You collected 300 gold pieces.

Inventory:

Hand Weapons
 y - a +0 giant club (weapon)
Missiles
 c - 4 silver boomerangs
 C - 4 boomerangs (quivered)
Armour
 a - a +0 robe (worn)
Jewellery
 e - a ring of fire (left claw)
 k - a ring of positive energy
 l - a ring of protection from cold (right claw)
Wands
 g - a wand of quicksilver (9)
 j - a wand of iceblast (3)
 m - a wand of paralysis (12)
 q - a wand of polymorph (13)
Scrolls
 f - a scroll of amnesia
 h - a scroll of magic mapping
 s - 2 scrolls of enchant weapon {unknown}
 v - a scroll of immolation
 A - 2 scrolls of teleportation {unknown}
 B - a scroll of silence {unknown}
 D - a scroll of fear {unknown}
Potions
 b - 3 potions of ambrosia
 d - 2 potions of berserk rage {unknown}
 i - a potion of curing {unknown}
 n - 2 potions of flight {unknown}
 o - a potion of attraction {unknown}
 p - 2 potions of cancellation {unknown}
 r - 2 potions of might {unknown}
 t - a potion of mutation {unknown}
 u - 2 potions of brilliance {unknown}
 w - a potion of magic {unknown}
 x - a potion of heal wounds
 E - a potion of invisibility {unknown}


   Skills:
 * Level 3.4 Fighting
 * Level 1.9 Maces & Flails
 * Level 2.3 Throwing
 * Level 2.0 Armour
 * Level 3.6 Dodging
 * Level 1.7 Stealth
 * Level 5.2 Unarmed Combat
 * Level 1.4 Spellcasting
 * Level 0.4 Hexes
 * Level 0.4 Ice Magic
 * Level 1.0 Invocations
 * Level 1.5 Evocations


You had 7 spell levels left.
You knew the following spells:

 Your Spells              Type           Power      Damage    Failure   Level
a - Ensorcelled Hibernat  Hex/Ice        2%         N/A       43%         2

Your spell library contained the following spells:

 Spells                   Type           Power      Damage    Failure   Level
 Slow                     Hex            4%         N/A       32%         1
 Passwall                 Tmut/Erth      0%         N/A       50%         2
 Confusing Touch          Hex            1%         N/A       67%         3
 Swiftness                Air            0%         N/A       75%         3
 Vampiric Draining        Necr           0%         2d6       75%         3
 Alistair's Intoxication  Tmut/Pois      0%         N/A       100%        5
 Borgnjor's Vile Clutch   Necr/Erth      0%         N/A       100%        5
 Eringya's Noxious Bog    Tmut/Pois      0%         N/A       100%        6
 Summon Small Mammal      Summ           Unusable   N/A       N/A         1
 Summon Guardian Golem    Hex/Summ       Unusable   N/A       N/A         3
 Call Canine Familiar     Summ           Unusable   N/A       N/A         3

Dungeon Overview and Level Annotations

Branches:
Dungeon (6/15)             Temple (1/1) D:4

Altars:
Ashenzari
Cheibriados
Dithmenos
Gozag
Hepliaklqana
Kikubaaqudgha
Makhleb
Nemelex Xobeh
Okawaru
Qazlal
Sif Muna
Trog
Wu Jian
Yredelemnul
Ignis


Innate Abilities, Weirdness & Mutations

You are too large for most types of armour.
You have claws for hands.
Your natural rate of healing is unusually fast.
You are covered in fur. (AC +1)
You have tough skin. (AC +1)


Message History

The hound bites you but does no damage.
Maggie is engulfed in blazing flames.
Maggie barely misses you. The hound bites you.
You barely miss the hound. The hound bites you.
Maggie is engulfed in blazing flames.
Maggie hits you from afar with a +2 vorpal halberd!
The hound closely misses you.
Maggie is engulfed in blazing flames.
Maggie hits you from afar with a +2 vorpal halberd!
The hound barely misses you.
You closely miss the hound. The hound bites you but does no damage.
Maggie is engulfed in blazing flames.
You are no longer entranced.
You kill Maggie!
Okawaru is honoured by your kill.
Okawaru will now gift you throwing weapons as you gain piety.
The bullfrog dissolves into shadows!
The hound bites you.
An electric eel comes into view.
Your Maces & Flails skill increases to level 1!
Your Armour skill increases to level 2!
Your Invocations skill increases to level 1!
You have reached level 8!
Press: ? - help, v - describe, . - travel
Here: an electric eel (water) Some deep water.
You miss the hound. The hound bites you. x2
You miss the hound. The hound bites you but does no damage.
The hound barely misses you.
You closely miss the hound. The hound barely misses you.
The hound closely misses you. The hound barely misses you.
You hit the hound but do no damage. The hound barely misses you. x2
The electric eel shoots out a bolt of lightning at you!
The bolt of electricity hits you! x2
* * * LOW HITPOINT WARNING * * *
You closely miss the hound. The hound bites you.
* * * LOW HITPOINT WARNING * * *
The hound bites you.
* * * LOW HITPOINT WARNING * * *
The electric eel shoots out a bolt of lightning at you!
The bolt of electricity misses you. The bolt of electricity hits you!
You die...

.###..#
.#...# #.#..#
# #<#.○##≈#
#.#○...≈##.#
#†...#.S≈≈.≈
#..).........
##..°#.≈≈≈.≈≈
##@##.≈##.##≈
#h# ≈# ≈#≈
#.# ≈# #≈.
... #
#≈.#####
###.#
####≈..#...
.#
≈≈≈≈≈..<.##
.# .......###
.. ......# ##
......


You could see a hound and an electric eel.

Vanquished Creatures
  Maggie (D:6)
  An ogre (D:5)
  A phantom (D:5)
  A necrophage (D:5)
  A jelly (D:4)
  2 hounds
  5 orc priests
  3 orc wizards
  Ijyb (D:3)
  2 iguanas
  Robin (D:4)
  4 adders
  A worm (D:2)
  2 dart slugs
  7 orcs
  7 ball pythons
  4 endoplasms
  3 giant cockroaches
  5 goblins
  13 hobgoblins
  4 jackals (D:3)
  7 kobolds
  4 quokkas
  9 bats
  2 frilled lizards
  3 rats
94 creatures vanquished.

Vanquished Creatures (others)
  A goblin (D:4)
1 creature vanquished.

Grand Total: 95 creatures vanquished

Notes
Turn   | Place    | Note
-------+----------+-------------------------------------------
     0 | D:1      | Ogmund the Troll Monk began the quest for the Orb.
     0 | D:1      | Reached XP level 1. HP: 22/22 MP: 0/0
   163 | D:4      | Reached XP level 2. HP: 29/29 MP: 1/1
   381 | D:4      | Reached XP level 3. HP: 36/36 MP: 2/2
   393 | D:4      | Reached XP level 4. HP: 28/44 MP: 3/3
   513 | D:4      | Reached XP level 5. HP: 52/52 MP: 4/4
   533 | D:4      | Reached skill level 1 in Throwing
   533 | D:4      | Reached skill level 1 in Armour
   551 | D:4      | Found a staircase to the Ecumenical Temple.
   559 | Temple   | Entered the Ecumenical Temple
   638 | Temple   | Became a worshipper of Warmaster Okawaru
   638 | Temple   | Reached * piety under Okawaru
   638 | Temple   | Reached ** piety under Okawaru
   773 | D:4      | Noticed Robin
   783 | D:4      | Killed Robin
   784 | D:4      | Reached skill level 4 in Unarmed Combat
  1499 | D:3      | Reached XP level 6. HP: 55/61 MP: 6/6
  1559 | D:3      | Noticed Ijyb
  1564 | D:3      | Killed Ijyb
  1565 | D:3      | Reached skill level 1 in Evocations
  1691 | D:3      | You fall into a shaft and drop 3 floors!
  1720 | D:5      | Entered Level 5 of the Dungeon
  1787 | D:5      | Reached skill level 1 in Spellcasting
  1886 | D:5      | Reached XP level 7. HP: 60/67 MP: 7/7
  1901 | D:5      | Reached skill level 5 in Unarmed Combat
  2289 | D:3      | Learned a level 2 spell: Ensorcelled Hibernation
  2634 | D:3      | Found a broken altar of Ashenzari.
  4130 | D:1      | Found a faded altar of an unknown god.
  4553 | D:5      | Found a snail-covered altar of Cheibriados.
  4722 | D:6      | Noticed Maggie
  4779 | D:6      | Killed Maggie
  4779 | D:6      | Reached *** piety under Okawaru
  4780 | D:6      | Reached skill level 1 in Maces & Flails
  4780 | D:6      | Reached skill level 1 in Invocations
  4780 | D:6      | Reached XP level 8. HP: 35/75 MP: 7/9
  4784 | D:6      | Killed from afar by an electric eel

Illustrated notes

Levels and vault maps discovered:
D:1:      lemuel_arrival_rhombus, layout_loops_ring,
          shapermc_ecumenical_altar_totnotflames, minmay_tromino_v7
D:2:      layout_basic, nicolae_elevator_lobby_asterisk
D:3:      layout_basic, mainiacjoe_overflow_catwalk, minmay_pentomino_pile,
          uniq_ijyb
D:4:      layout_basic, minmay_temple_entry_hall, uniq_robin
D:5:      layout_cave_pools, lemuel_doored_altar
D:6:      layout_loops_ring, nicolae_ru_the_path_less_chosen,
          nicolae_overflow_two_pavilions, kennysheep_cluttered_room,
          uniq_maggie, uniq_grinder
Temple:   ebering_untended_altars

Skill      XL: |  1  2  3  4  5  6  7 |
---------------+----------------------+-----
Dodging        | 3 |  3.6
Fighting       | 3 |  3.4
Throwing       | 1 2 |  2.3
Armour         | 1 2 |  2.0
Unarmed Combat | 4 5 |  5.2
Evocations     | 1 |  1.5
Spellcasting   | 1 |  1.4
Maces & Flails | 1 |  1.9
Invocations    | 1 |  1.0
Stealth        | |  1.7
Hexes          | |  0.4
Ice Magic      | |  0.4

Action                   |  1- 3 |  4- 6 |  7- 9 || total
-------------------------+-------+-------+-------++-------
Melee: Unarmed           |    25 |    91 |       ||   116
       Punch             |       |     1 |       ||     1
       Giant club        |       |       |   135 ||   135
Throw: Dart              |     3 |    21 |    15 ||    39
       Boomerang         |       |       |    32 ||    32
Evoke: Wand              |       |     4 |     6 ||    10
  Use: Scroll            |     2 |       |     6 ||     8
 Stab: Sleeping          |     1 |     1 |     2 ||     4
       Paralysed         |       |       |     3 ||     3
Armor: Robe              |     6 |    24 |    81 ||   111
Dodge: Dodged            |    10 |    41 |    91 ||   142
